 Dungeon Crawl Stone Soup version 0.28.0-49-g6dfe1f597d (webtiles) character file.

Game seed: 12918565428646163982

139 Zeld the Digger (level 5, -2/30 HPs)
             Began as a Gargoyle Earth Elementalist on May 15, 2022.
             Killed from afar by an orc wizard (5 damage)
             ... with a magic dart
             ... on level 4 of the Dungeon.
             The game lasted 00:04:18 (3898 turns).

Zeld the Digger (Gargoyle Earth Elementalist)       Turns: 3898, Time: 00:04:19

Health: -2/30      AC:  7    Str: 12    XL:     5   Next: 22%
Magic:  0/9        EV: 12    Int: 17    God:
Gold:   197        SH:  0    Dex: 10    Spells: 3/9 levels left

rFire   . . .      SeeInvis .   e - +0 club
rCold   . . .      Faith    .   (no shield)
rNeg    + . .      Spirit   .   b - +0 robe
rPois   ∞          Reflect  .   (no helmet)
rElec   +          Harm     .   l - +0 cloak
rCorr   .          Rampage  .   (no gloves)
Will    .....                   (no boots)
Stlth   ++........              (no amulet)
HPRegen 0.10/turn               (no ring)
MPRegen 0.11/turn               (no ring)

@: no status effects
A: sickness immunity, AC +4, negative energy resistance 1, electricity
resistance, torment resistance 1, petrification resistance
a: no special abilities


You were on level 4 of the Dungeon.
You visited 1 branch of the dungeon, and saw 4 of its levels.

You collected 197 gold pieces.

Inventory:

Hand Weapons
 e - a +0 club (weapon)
Missiles
 c - 63 stones
Armour
 b - a +0 robe (worn)
 l - a +0 cloak (worn)
Wands
 n - a wand of mindburst (11)
Scrolls
 a - 3 scrolls of noise {unknown}
 d - a scroll of teleportation {unknown}
 f - a scroll of magic mapping {unknown}
 g - a scroll of fear {unknown}
 h - a scroll of enchant armour {unknown}
 m - a scroll of blinking {unknown}
 o - 2 scrolls of identify {unknown}
 p - a scroll of vulnerability {unknown}
 r - a scroll of brand weapon {unknown}
 u - a scroll of holy word {unknown}
Potions
 i - 3 potions of attraction {unknown}
 j - a potion of heal wounds {unknown}
 k - a potion of mutation {unknown}
 q - a potion of brilliance {unknown}
 s - a potion of cancellation {unknown}
 t - a potion of degeneration {unknown}


   Skills:
 * Level 1.9 Fighting
 * Level 2.2 Armour
 + Level 2.0 Dodging
 + Level 2.6 Stealth
 * Level 2.6 Spellcasting
 - Level 1.0 Transmutations
 * Level 4.5 Earth Magic


You had 3 spell levels left.
You knew the following spells:

 Your Spells              Type           Power      Damage    Failure   Level
a - Sandblast             Erth           34%        2d9       2%          1
b - Passwall              Tmut/Erth      9%         N/A       9%          2
c - Stone Arrow           Conj/Erth      18%        3d8       22%         3

Your spell library contained the following spells:

 Spells                   Type           Power      Damage    Failure   Level
 Foxfire                  Conj/Fire      8%         2x1d4     19%         1
 Magic Dart               Conj           8%         1d3       19%         1
 Call Imp                 Summ           2%         N/A       26%         2
 Conjure Flame            Conj/Fire      2%         6-21      47%         3
 Inner Flame              Hex/Fire       2%         N/A       47%         3
 Mephitic Cloud           Conj/Pois/Air  2%         N/A       47%         3
 Petrify                  Tmut/Erth      11%        N/A       50%         4
 Animate Armour           Summ/Erth      18%        N/A       56%         4
 Flame Wave               Conj/Fire      2%         2d4       87%         4
 Lehudib's Crystal Spear  Conj/Erth      4%         10d3      100%        8


Dungeon Overview and Level Annotations

Branches:
Dungeon (4/15)
 Temple: D:4-7

Altars:
Elyvilon
Wu Jian
The Shining One

Annotations:
D:4 Dowan, Duvessa


Innate Abilities, Weirdness & Mutations

You are immune to sickness and miasma.
Your stone body is resilient. (AC +4)
You are immune to poison.
You resist negative energy. (rN+)
You are resistant to electric shocks. (rElec)
You are resistant to unholy torment.
You are immune to petrification.


Message History

You bump into the rock wall.
The orc wizard casts a spell at you. The puff of flame hits you!
You bump into the rock wall.
You feel less confused.
Casting: Sandblast (safe; 2% risk of failure)
Confirm with . or Enter, or press ? or * to list all spells.
Aiming: Sandblast (safe; 2% risk of failure)
Press: ? - help, Shift-Dir - straight line, f/p - orc wizard
Aim: an orc wizard, wielding a +0 dagger and wearing a +2 robe of willpower (severely wounded, 74% to hit)
The blast of sand hits the orc wizard but does no damage.
The orc wizard is severely wounded.
c - 65 stones The orc wizard hits you with a +0 dagger.
* * * LOW HITPOINT WARNING * * *
Casting: Sandblast (safe; 2% risk of failure)
Confirm with . or Enter, or press ? or * to list all spells.
Aiming: Sandblast (safe; 2% risk of failure)
Press: ? - help, Shift-Dir - straight line, f/p - orc wizard
Aim: an orc wizard, wielding a +0 dagger and wearing a +2 robe of willpower (severely wounded, 74% to hit)
The blast of sand hits the orc wizard.
The orc wizard is almost dead.
c - 64 stones The orc wizard misses you.
Unknown command.
You closely miss the orc wizard.
The orc wizard is almost dead.
The orc wizard points at you and mumbles some strange words.
The puff of flame hits you.
* * * LOW HITPOINT WARNING * * *
Casting: Sandblast (safe; 2% risk of failure)
Confirm with . or Enter, or press ? or * to list all spells.
Aiming: Sandblast (safe; 2% risk of failure)
Press: ? - help, Shift-Dir - straight line, f/p - orc wizard
Aim: an orc wizard, wielding a +0 dagger and wearing a +2 robe of willpower (almost dead, 74% to hit)
The blast of sand misses the orc wizard.
c - 63 stones The orc wizard points at you and mumbles some strange words.
The magic dart hits you.
You die...

#..........[.......#...####.
#.#####..######.##.#..## #.
#)##..h..# #.##.....# ##
#.).....## #........#
#..<....# #......#.#
#.##.##.# ########.#
#.##.##.# #.# #.##.##.#
####### #.# #.......#
#@....# #.# ####.####
#o....######.# #.#
#.........##.# #.#
#<.)..###.##.# #.....# #.# #
#.....# #.# .# ####### #.#
..## ####g##.....
#.........#


You could see an orc wizard.

Vanquished Creatures
  A jelly (D:4)
  An iguana (D:3)
  A hound skeleton (D:4)
  An adder (D:2)
  8 orcs (D:4)
  2 ball pythons
  5 endoplasms
  3 giant cockroaches
  6 goblins
  4 hobgoblins
  4 jackals (D:1)
  2 quokkas
  3 frilled lizards
  5 kobolds
  4 rats
50 creatures vanquished.

Notes
Turn   | Place    | Note
-------+----------+-------------------------------------------
     0 | D:1      | Zeld the Gargoyle Earth Elementalist began the quest for
                  | the Orb.
     0 | D:1      | Reached XP level 1. HP: 10/10 MP: 3/3
   270 | D:1      | Reached XP level 2. HP: 8/16 MP: 0/5
   276 | D:1      | Learned a level 2 spell: Passwall
   439 | D:1      | Reached skill level 1 in Armour
   927 | D:1      | Reached skill level 4 in Earth Magic
  1279 | D:2      | Reached XP level 3. HP: 20/20 MP: 4/6
  1283 | D:2      | Learned a level 3 spell: Stone Arrow
  1402 | D:2      | Reached skill level 1 in Fighting
  1619 | D:2      | Identified the +4 falchion "Jyishroh" {antimagic, Will+}
  1872 | D:2      | Found a faded altar of an unknown god.
  2990 | D:4      | Reached XP level 4. HP: 25/25 MP: 5/7
  3032 | D:4      | Noticed Dowan
  3141 | D:4      | Reached skill level 1 in Transmutations
  3333 | D:4      | Found an ornate altar of the Wu Jian Council.
  3333 | D:4      | Found a glowing golden altar of the Shining One.
  3338 | D:4      | Found a white marble altar of Elyvilon.
  3402 | D:3      | Reached XP level 5. HP: 19/30 MP: 0/8
  3605 | D:4      | Noticed a black bear
  3697 | D:4      | Noticed Duvessa
  3898 | D:4      | Killed from afar by an orc wizard

Illustrated notes

Levels and vault maps discovered:
D:1:      minmay_arrival_nine_rooms, layout_basic, minmay_split_cup_small
D:2:      layout_basic, ebering_ecumenical_altar_rust
D:3:      layout_basic
D:4:      layout_loops_cross, grunt_temple_overflow_open, uniq_duvessa

Skill      XL: |  1  2  3  4  5 |
---------------+----------------+-----
Armour         | 1 2 |  2.2
Earth Magic    | 4 |  4.5
Fighting       | 1 |  1.9
Transmutations | 1 |  1.0
Dodging        | 2 |  2.0
Stealth        | |  2.6
Spellcasting   | |  2.6

Action                   |  1- 3 |  4- 6 || total
-------------------------+-------+-------++-------
Melee: Unarmed           |    17 |       ||    17
       Club              |    15 |     7 ||    22
 Cast: Sandblast         |    44 |    38 ||    82
Armor: Robe              |    22 |    14 ||    36
Dodge: Dodged            |    48 |    18 ||    66
